SAA
LONG ISLAND SEAWOLVES @ RENO SILVER SOX
09/04/2032
 
TOP OF THE 1ST
Long Island Seawolves batting - Pitching for Reno Silver Sox : RHP Tomás Huesca
Pitching: RHP Tomás Huesca
Batting: LHB Takayuki Yoshikawa 0-0: Ground out 4-3 (Groundball, 4)
Batting: RHB Sheldon Deshotels 0-0: Ball
1-0: Foul Ball, location: 2F
1-1: SINGLE (Groundball, 6MD)
Batting: LHB Cornelius Taitt 0-0: Called Strike
0-1: Ball
1-1: SINGLE (Groundball, 34D)
Sheldon Deshotels to second
Runner from 2nd tries for 3rd, SAFE, no throw
Batting: RHB Bill Rinck 0-0: Ball
1-0: Grounds into double play, 5-4-3 (Groundball, 56)
Top of the 1st over - 0 runs, 2 hits, 0 errors, 1 left on base; Long Island 0 - Reno 0
BOTTOM OF THE 1ST
Reno Silver Sox batting - Pitching for Long Island Seawolves : LHP Mathieu Neri
Pitching: LHP Mathieu Neri
Batting: RHB Lee Storment 0-0: Foul Ball, location: 2F
0-1: Ball
1-1: Foul Ball, location: 2F
1-2: Foul Ball, location: 2F
1-2: Ground out 3-1 (Groundball, 34S)
Batting: RHB Spartak Gonjarov 0-0: Ball
1-0: Foul Ball, location: 2F
1-1: Foul Ball, location: 2F
1-2: Strikes out swinging
Batting: RHB Tumas Wenzu 0-0: Called Strike
0-1: Foul Ball, location: 2F
0-2: Strikes out swinging
Bottom of the 1st over - 0 runs, 0 hits, 0 errors, 0 left on base; Long Island 0 - Reno 0
TOP OF THE 2ND
Long Island Seawolves batting - Pitching for Reno Silver Sox : RHP Tomás Huesca
Batting: LHB Pedro Colón 0-0: Ball
1-0: Foul Ball, location: 2F
1-1: Called Strike
1-2: Ball
2-2: Foul Ball, location: 2F
2-2: Strikes out swinging
Batting: RHB Júlio Flores 0-0: Ball
1-0: Ball
2-0: Ball
3-0: Base on Balls
Batting: RHB Jesús Quintana 0-0: Ball
1-0: Swinging Strike
1-1: Ball
2-1: Ball
3-1: Foul Ball, location: 2F
3-2: Ground out 5-3 (Groundball, 56)
Júlio Flores to second
Batting: RHB Albert Covington 0-0: Foul Ball, location: 2F
0-1: Swinging Strike
0-2: Ball
1-2: Foul Ball, location: 2F
1-2: Strikes out swinging
Top of the 2nd over - 0 runs, 0 hits, 0 errors, 1 left on base; Long Island 0 - Reno 0
BOTTOM OF THE 2ND
Reno Silver Sox batting - Pitching for Long Island Seawolves : LHP Mathieu Neri
Batting: RHB Jean Lechuga 0-0: Ball
1-0: Called Strike
1-1: Ball
2-1: Swinging Strike
2-2: SOLO HOME RUN (Flyball, 7LD), Distance : 339 ft
Batting: RHB Juan Laguna 0-0: Ball
1-0: Ball
2-0: Ground out 3-1 (Groundball, 34S)
Batting: RHB Elijah Seymour 0-0: Ball
1-0: Foul Ball, location: 2F
1-1: Ball
2-1: Swinging Strike
2-2: Strikes out swinging
Batting: LHB Marcos Costa 0-0: Ball
1-0: Ball
2-0: Called Strike
2-1: Called Strike
2-2: Fly out, F8 (Flyball, 89M)
Bottom of the 2nd over - 1 run, 1 hit, 0 errors, 0 left on base; Long Island 0 - Reno 1
TOP OF THE 3RD
Long Island Seawolves batting - Pitching for Reno Silver Sox : RHP Tomás Huesca
Batting: RHB Pablo Ledesma 0-0: Ball
1-0: Called Strike
1-1: Reached via error on a dropped throw, E1
Batting: LHB Takayuki Yoshikawa 0-0: Swinging Strike
0-1: Ball
1-1: Called Strike
1-2: Fly out, F3 (Line Drive, 34)
Lined into DP, U3 (Line Drive, 34)
Batting: RHB Sheldon Deshotels 0-0: Ball
1-0: Foul Ball, location: 2F
1-1: Ball
2-1: Fly out, F7 (Flyball, 78M)
Top of the 3rd over - 0 runs, 0 hits, 1 error, 0 left on base; Long Island 0 - Reno 1
BOTTOM OF THE 3RD
Reno Silver Sox batting - Pitching for Long Island Seawolves : LHP Mathieu Neri
Batting: LHB Roberto Vázquez 0-0: Ball
1-0: Called Strike
1-1: Ball
2-1: Ball
3-1: Foul Ball, location: 2F
3-2: Strikes out looking
Batting: LHB Luis Aranda 0-0: Ball
1-0: Fly out, F8 (Flyball, 8RS)
Batting: RHB Lee Storment 0-0: Ball
1-0: Called Strike
1-1: Foul Ball, location: 2F
1-2: Ball
2-2: Strikes out swinging
Bottom of the 3rd over - 0 runs, 0 hits, 0 errors, 0 left on base; Long Island 0 - Reno 1
TOP OF THE 4TH
Long Island Seawolves batting - Pitching for Reno Silver Sox : RHP Tomás Huesca
Batting: LHB Cornelius Taitt 0-0: Foul Ball, location: 2F
0-1: Swinging Strike
0-2: Ball
1-2: Foul Ball, location: 2F
1-2: Fly out, F9 (Line Drive, 9D)
Batting: RHB Bill Rinck 0-0: Foul Ball, location: 2F
0-1: Ball
1-1: Ball
2-1: Ground out 6-3 (Groundball, 6)
Batting: LHB Pedro Colón 0-0: Foul Ball, location: 2F
0-1: Ball
1-1: Ground out U3 (Groundball, 34S)
Top of the 4th over - 0 runs, 0 hits, 0 errors, 0 left on base; Long Island 0 - Reno 1
BOTTOM OF THE 4TH
Reno Silver Sox batting - Pitching for Long Island Seawolves : LHP Mathieu Neri
Batting: RHB Spartak Gonjarov 0-0: Ball
1-0: Called Strike
1-1: Foul Ball, location: 2F
1-2: Ball
2-2: Fly out, F8 (Flyball, 78D)
Batting: RHB Tumas Wenzu 0-0: Swinging Strike
0-1: Foul Ball, location: 2F
0-2: Foul Ball, location: 2F
0-2: Foul Ball, location: 2F
0-2: Ball
1-2: Foul Ball, location: 2F
1-2: Ground out 6-3 (Groundball, 6)
Batting: RHB Jean Lechuga 0-0: Ball
1-0: Foul Ball, location: 2F
1-1: Ball
2-1: Called Strike
2-2: Strikes out looking
Bottom of the 4th over - 0 runs, 0 hits, 0 errors, 0 left on base; Long Island 0 - Reno 1
TOP OF THE 5TH
Long Island Seawolves batting - Pitching for Reno Silver Sox : RHP Tomás Huesca
Batting: RHB Júlio Flores 0-0: Ball
1-0: Fly out, F9 (Flyball, 9D)
Batting: RHB Jesús Quintana 0-0: Ball
1-0: Called Strike
1-1: Ball
2-1: Ball
3-1: Called Strike
3-2: TRIPLE (Groundball, 3L)
Batting: RHB Albert Covington 0-0: Squeeze Bunt - play home, runner scores, batter safe!
Jesús Quintana scores
Batting: RHB Pablo Ledesma 0-0: Ball
1-0: Ball
2-0: Ball
3-0: Called Strike
3-1: Called Strike
3-2: Grounds into double play, 4-6-3 (Groundball, 4)
Top of the 5th over - 1 run, 1 hit, 0 errors, 0 left on base; Long Island 1 - Reno 1
BOTTOM OF THE 5TH
Reno Silver Sox batting - Pitching for Long Island Seawolves : LHP Mathieu Neri
Batting: RHB Juan Laguna 0-0: Called Strike
0-1: Swinging Strike
0-2: Foul Ball, location: 2F
0-2: Foul Ball, location: 2F
0-2: Ball
1-2: Ball
2-2: Strikes out swinging
Batting: RHB Elijah Seymour 0-0: Fly out, F7 (Flyball, 78M)
Batting: LHB Marcos Costa 0-0: Called Strike
0-1: Called Strike
0-2: Ball
1-2: Foul Ball, location: 2F
1-2: Foul Ball, location: 2F
1-2: Ball
2-2: SOLO HOME RUN (Flyball, 9LD), Distance : 349 ft
Batting: LHB Roberto Vázquez 0-0: Ball
1-0: Called Strike
1-1: Foul Ball, location: 2F
1-2: Ground out 6-3 (Groundball, 56)
Bottom of the 5th over - 1 run, 1 hit, 0 errors, 0 left on base; Long Island 1 - Reno 2
TOP OF THE 6TH
Long Island Seawolves batting - Pitching for Reno Silver Sox : RHP Tomás Huesca
Batting: LHB Takayuki Yoshikawa 0-0: Bunted foul
0-1: Ball
1-1: Foul Ball, location: 2F
1-2: Ball
2-2: Ball
3-2: Base on Balls
Batting: RHB Sheldon Deshotels 0-0: Sac Bunt - play at first, batter OUT! 1-3
Takayuki Yoshikawa to second
Batting: LHB Cornelius Taitt 0-0: Ball
1-0: Ball
Takayuki Yoshikawa steals 3rd base
2-0: Ball
3-0: Called Strike
3-1: Base on Balls
Batting: RHB Bill Rinck 0-0: Called Strike
0-1: Ball
1-1: Foul Ball, location: 2F
1-2: Fly out, F7 (Flyball, 7)
Runner from 3rd tags up, SCORES, throw made
Batting: LHB Pedro Colón 0-0: Ball
1-0: Called Strike
1-1: Ball
2-1: Called Strike
2-2: Ball
3-2: Foul Ball, location: 2F
3-2: Fly out, F9 (Flyball, 9)
Top of the 6th over - 1 run, 0 hits, 0 errors, 1 left on base; Long Island 2 - Reno 2
BOTTOM OF THE 6TH
Reno Silver Sox batting - Pitching for Long Island Seawolves : LHP Mathieu Neri
Batting: LHB Luis Aranda 0-0: Called Strike
0-1: Called Strike
0-2: Strikes out looking
Batting: RHB Lee Storment 0-0: Ball
1-0: Ball
2-0: Ball
3-0: Base on Balls
Batting: RHB Spartak Gonjarov 0-0: Called Strike
Lee Storment steals 2nd base
0-1: Swinging Strike
0-2: Ball
1-2: Fly out, F4 (Popup, 4MD)
Batting: RHB Tumas Wenzu 0-0: Ball
1-0: Ground out 4-3 (Groundball, 4M)
Bottom of the 6th over - 0 runs, 0 hits, 0 errors, 1 left on base; Long Island 2 - Reno 2
TOP OF THE 7TH
Long Island Seawolves batting - Pitching for Reno Silver Sox : RHP Tomás Huesca
Pinch Hitting: LHB Marcos Deleón 0-0: Ball
1-0: Swinging Strike
1-1: Called Strike
1-2: Ball
2-2: Strikes out swinging
Batting: RHB Jesús Quintana 0-0: Ball
1-0: Ball
2-0: Ball
3-0: Called Strike
3-1: Ground out 4-3 (Groundball, 4S)
Batting: RHB Albert Covington 0-0: Ball
1-0: Called Strike
1-1: Ball
2-1: Called Strike
2-2: Strikes out swinging
Top of the 7th over - 0 runs, 0 hits, 0 errors, 0 left on base; Long Island 2 - Reno 2
BOTTOM OF THE 7TH
Reno Silver Sox batting - Pitching for Long Island Seawolves : LHP Mathieu Neri
Now at 3B: Marcos Deleón
Batting: RHB Jean Lechuga 0-0: Foul Ball, location: 2F
0-1: Fly out, F7 (Flyball, 7S)
Batting: RHB Juan Laguna 0-0: Called Strike
0-1: Fly out, F7 (Flyball, 78M)
Batting: RHB Elijah Seymour 0-0: Called Strike
0-1: Swinging Strike
0-2: Strikes out looking
Bottom of the 7th over - 0 runs, 0 hits, 0 errors, 0 left on base; Long Island 2 - Reno 2
TOP OF THE 8TH
Long Island Seawolves batting - Pitching for Reno Silver Sox : RHP Tomás Huesca
Batting: RHB Pablo Ledesma 0-0: Ball
1-0: Ball
2-0: Ball
3-0: Called Strike
3-1: Base on Balls
Pitching: RHP Juan Carlos Cruz
Batting: LHB Takayuki Yoshikawa 0-0: Sac Bunt - play at second, runner OUT! 5-6
Batting: RHB Sheldon Deshotels 0-0: Ball
1-0: Swinging Strike
1-1: Foul Ball, location: 2F
1-2: Ball
Takayuki Yoshikawa steals 2nd base
2-2: Strikes out swinging
Batting: LHB Cornelius Taitt 0-0: Foul Ball, location: 2F
0-1: Ball
1-1: Foul Ball, location: 2F
1-2: Ball
2-2: Strikes out looking
Top of the 8th over - 0 runs, 0 hits, 0 errors, 1 left on base; Long Island 2 - Reno 2
BOTTOM OF THE 8TH
Reno Silver Sox batting - Pitching for Long Island Seawolves : LHP Mathieu Neri
Pinch Hitting: RHB George Albaugh 0-0: Ball
1-0: Foul Ball, location: 2F
1-1: Ball
2-1: Ball
3-1: Called Strike
3-2: Base on Balls
Pinch Hitting: RHB Carlos González 0-0: Ball
1-0: Called Strike
1-1: Bunted foul
1-2: Ground out 4-3 (Groundball, 34)
George Albaugh to second
Pitching: RHP Carlos Costello
Batting: LHB Luis Aranda 0-0: Foul Ball, location: 2F
0-1: Ball
1-1: Foul Ball, location: 2F
1-2: Ball
2-2: Ball
3-2: Strikes out swinging
Batting: RHB Lee Storment 0-0: Ball
1-0: Ball
2-0: SINGLE (Groundball, 6S) (infield hit)
George Albaugh to third
Batting: RHB Spartak Gonjarov 0-0: Called Strike
0-1: Ball
1-1: SINGLE (Flyball, 34D)
George Albaugh scores
Lee Storment to second
Runner from 2nd tries for 3rd, SAFE, no throw
Batting: RHB Tumas Wenzu 0-0: Called Strike
0-1: Ball
1-1: Fly out, F7 (Flyball, 7S)
Bottom of the 8th over - 1 run, 2 hits, 0 errors, 2 left on base; Long Island 2 - Reno 3
TOP OF THE 9TH
Long Island Seawolves batting - Pitching for Reno Silver Sox : RHP Juan Carlos Cruz
Now at 1B: Carlos González
Now at 3B: David Meléndez
Now in LF: George Albaugh
Batting: RHB Bill Rinck 0-0: Ball
1-0: Called Strike
1-1: DOUBLE (Line Drive, 7D)
Batting: LHB Pedro Colón 0-0: Called Strike
0-1: Ball
1-1: Ball
2-1: Foul Ball, location: 2F
2-2: Ball
Wild Pitch!
Bill Rinck to third
3-2: Foul Ball, location: 2F
3-2: Foul Ball, location: 2F
3-2: Fly out, F3 (Line Drive, 3)
Batting: LHB Marcos Deleón 0-0: Called Strike
0-1: Ball
1-1: Ball
2-1: Ball
3-1: Base on Balls
Batting: RHB Jesús Quintana 0-0: Swinging Strike
0-1: Ball
1-1: Ball
2-1: Called Strike
2-2: SINGLE (Groundball, 34D)
Bill Rinck scores
Marcos Deleón to second
Runner from 2nd tries for 3rd, SAFE, no throw
Batting: RHB Albert Covington 0-0: Called Strike
0-1: Ball
1-1: Called Strike
1-2: Strikes out swinging
Batting: RHB Pablo Ledesma 0-0: Called Strike
0-1: Ball
1-1: Ball
2-1: Foul Ball, location: 2F
2-2: Ball
3-2: Foul Ball, location: 2F
3-2: Foul Ball, location: 2F
3-2: Foul Ball, location: 2F
3-2: Foul Ball, location: 2F
3-2: Fly out, F4 (Line Drive, 4)
Top of the 9th over - 1 run, 2 hits, 0 errors, 2 left on base; Long Island 3 - Reno 3
BOTTOM OF THE 9TH
Reno Silver Sox batting - Pitching for Long Island Seawolves : RHP Carlos Costello
Batting: RHB Jean Lechuga 0-0: Ball
1-0: Ball
2-0: Ball
3-0: Called Strike
3-1: Base on Balls
Batting: RHB Juan Laguna 0-0: Foul Ball, location: 2F
0-1: Foul Ball, location: 2F
0-2: Fly out, F7 (Flyball, 7LM)
Batting: RHB Elijah Seymour 0-0: Ball
1-0: Ball
2-0: Ball
3-0: Called Strike
3-1: Called Strike
3-2: Foul Ball, location: 2F
3-2: Foul Ball, location: 2F
3-2: Fly out, F8 (Line Drive, 8LM)
Batting: RHB George Albaugh 0-0: Called Strike
Jean Lechuga steals 2nd base
0-1: Foul Ball, location: 2F
0-2: Foul Ball, location: 2F
0-2: Fly out, F7 (Flyball, 7LM)
Bottom of the 9th over - 0 runs, 0 hits, 0 errors, 1 left on base; Long Island 3 - Reno 3
TOP OF THE 10TH
Long Island Seawolves batting - Pitching for Reno Silver Sox : RHP Juan Carlos Cruz
Batting: LHB Takayuki Yoshikawa 0-0: Called Strike
0-1: Swinging Strike
0-2: Foul Ball, location: 2F
0-2: Ball
1-2: Strikes out looking
Batting: RHB Sheldon Deshotels 0-0: Ball
1-0: SINGLE (Groundball, 4MD)
Pitching: RHP Aaron Houchens
Batting: LHB Cornelius Taitt 0-0: Swinging Strike
0-1: Called Strike
0-2: Ball
1-2: Foul Ball, location: 2F
1-2: Strikes out swinging
Batting: RHB Bill Rinck 0-0: Ball
1-0: Ball
2-0: Called Strike
2-1: Ground out 4-3 (Groundball, 4)
Top of the 10th over - 0 runs, 1 hit, 0 errors, 1 left on base; Long Island 3 - Reno 3
BOTTOM OF THE 10TH
Reno Silver Sox batting - Pitching for Long Island Seawolves : RHP Carlos Costello
Batting: RHB Carlos González 0-0: Called Strike
0-1: Ground out 5-3 (Groundball, 56)
Batting: LHB Luis Aranda 0-0: Foul Ball, location: 2F
0-1: Ball
1-1: Fly out, F9 (Flyball, 9LSF)
Batting: RHB Lee Storment 0-0: Called Strike
0-1: Ball
1-1: Called Strike
1-2: Ball
2-2: SINGLE (Groundball, 4MD)
Batting: RHB Spartak Gonjarov 0-0: Ball
1-0: Called Strike
1-1: Fly out, F9 (Flyball, 89M)
Bottom of the 10th over - 0 runs, 1 hit, 0 errors, 1 left on base; Long Island 3 - Reno 3
TOP OF THE 11TH
Long Island Seawolves batting - Pitching for Reno Silver Sox : RHP Aaron Houchens
Batting: LHB Pedro Colón 0-0: Ball
1-0: Ball
2-0: Fly out, F4 (Popup, 34D)
Batting: LHB Marcos Deleón 0-0: Called Strike
0-1: Ball
1-1: Foul Ball, location: 2F
1-2: Ball
2-2: Foul Ball, location: 2F
2-2: Foul Ball, location: 2F
2-2: DOUBLE (Flyball, 89D)
Batting: RHB Jesús Quintana 0-0: Foul Ball, location: 2F
0-1: Ball
1-1: Foul Ball, location: 2F
1-2: Ball
2-2: Strikes out swinging
Batting: RHB Albert Covington 0-0: Ball
1-0: Swinging Strike
1-1: Ball
2-1: Ball
3-1: SINGLE (Groundball, 34D)
Marcos Deleón to third
Runner from 3rd tries for Home, SAFE, throw made home
Batting: RHB Pablo Ledesma 0-0: Fly out, F9 (Flyball, 9S)
Top of the 11th over - 1 run, 2 hits, 0 errors, 1 left on base; Long Island 4 - Reno 3
BOTTOM OF THE 11TH
Reno Silver Sox batting - Pitching for Long Island Seawolves : RHP Carlos Costello
Now at C: Juan León
Now in CF: Ramón Valdéz
Pinch Hitting: RHB Jong-beom Chang 0-0: Foul Ball, location: 2F
0-1: Foul Ball, location: 2F
0-2: Strikes out swinging
Batting: RHB Jean Lechuga 0-0: Foul Ball, location: 2F
0-1: Fly out, F7 (Line Drive, 78D)
Batting: RHB Juan Laguna 0-0: Called Strike
0-1: Ball
1-1: Swinging Strike
1-2: Foul Ball, location: 2F
1-2: Fly out, F9 (Flyball, 89XD)
Bottom of the 11th over - 0 runs, 0 hits, 0 errors, 0 left on base; Long Island 4 - Reno 3
Wednesday, September 19th, 2018 - OOTP Baseball 18.8 Build 76